 Dungeon Crawl Stone Soup version 0.19.5 (webtiles) character file.

18736 equalderp2856 the Gouger (level 12, 0/51 HPs)
             Began as a Felid Fighter on Mar 11, 2017.
             Slain by an anaconda (2 damage)
             ... on level 3 of the Lair of Beasts.
             The game lasted 02:26:20 (40204 turns).

equalderp2856 the Gouger (Felid Fighter)           Turns: 40204, Time: 02:26:21

Health: 0/51       AC:  3    Str: 13    XL:     12   Next: 30%
Magic:  2/34       EV: 23    Int: 17    God:
Gold:   628        SH:  5    Dex: 16    Spells: 6 memorised, 14 levels left
                                        Lives:  0   Deaths: 3

rFire  . . .     SeeInvis +       - Unarmed
rCold  + . .     Gourm    .     (armour unavailable)
rNeg   . . .     Faith    .     (shield unavailable)
rPois  .         Spirit   .     (helmet unavailable)
rElec  .         Reflect  +     (cloak unavailable)
rCorr  .         Harm     .     (gloves unavailable)
MR     +....                    (boots unavailable)
Stlth  +++++.....               N - +5 amulet of reflection
                                M - ring of magical power
                                G - +4 ring of intelligence

@: constricted, repel missiles, quick
A: no armour, no weapons or thrown items, stealth, claws 1, fangs 3, see
invisible, carnivore 3, speed 1, shaggy fur 3, slow metabolism 1, sharp paws
a: no special abilities


You were on level 3 of the Lair of Beasts.
You were not hungry.

You visited 3 branches of the dungeon, and saw 16 of its levels.
You also visited: Labyrinth.

You collected 778 gold pieces.
You spent 150 gold pieces at shops.

Inventory:

Missiles
 B - 261 arrows
Jewellery
 x - a +2 amulet of reflection
 z - an uncursed ring of protection from fire
 D - an uncursed ring of protection from fire
 E - an uncursed amulet of harm
 G - a +4 ring of intelligence (left paw)
 M - a ring of magical power (right paw)
 N - a +5 amulet of reflection (around neck)
 U - an uncursed ring of magical power
 V - an uncursed ring of poison resistance
Wands
 g - a wand of flame (15/48)
 u - a wand of slowing (48/48)
 H - a wand of confusion (38/48)
 J - a wand of enslavement (16/24)
 K - a wand of lightning (9/15)
 P - a wand of lightning (1/15)
 S - a wand of flame (25/48)
 T - a wand of polymorph (6/24)
 W - a wand of digging (18/24)
 X - a wand of polymorph (7/24)
Scrolls
 c - 5 scrolls of identify
 q - 3 scrolls of remove curse
 r - 5 scrolls of random uselessness
 F - 3 scrolls of amnesia
 L - 3 scrolls of teleportation
 Z - 2 scrolls of fear
Potions
 a - 3 potions of might
 d - 2 potions of resistance
 e - 5 potions of curing
 i - 3 potions of flight
 j - 2 potions of degeneration {unknown}
 k - 2 potions of brilliance
 n - 3 potions of agility {unknown}
 p - 2 potions of lignification
 s - a potion of cancellation {unknown}
 t - a potion of mutation
 v - a potion of haste {unknown}
 O - 2 potions of beneficial mutation {unknown}
 R - a potion of magic {unknown}
Books
 o - a book of Minor Magic

   Spells                             Type                      Level
   a - Magic Dart                     Conjuration                  1
   b - Blink                          Translocation                2
   c - Call Imp                       Summoning                    2
   d - Repel Missiles                 Charms/Air                   2
   e - Slow                           Hexes                        2
   f - Conjure Flame                  Conjuration/Fire             3
   g - Mephitic Cloud                 Conjuration/Poison/Air       3
 w - a book of Callings

   Spells                             Type                      Level
   a - Summon Small Mammal            Summoning                    1
   b - Call Imp                       Summoning                    2
   c - Call Canine Familiar           Summoning                    3
   d - Summon Guardian Golem          Hexes/Summoning              3
   e - Summon Lightning Spire         Summoning/Air                4
   f - Summon Ice Beast               Ice/Summoning                4
 y - a book of Summonings

   Spells                             Type                      Level
   a - Recall                         Summoning/Translocation      3
   b - Aura of Abjuration             Summoning                    5
   c - Summon Demon                   Summoning                    5
   d - Summon Forest                  Summoning/Translocation      5
   e - Summon Mana Viper              Hexes/Summoning              5
   f - Shadow Creatures               Summoning                    6
 A - a book of Minor Magic

   Spells                             Type                      Level
   a - Magic Dart                     Conjuration                  1
   b - Blink                          Translocation                2
   c - Call Imp                       Summoning                    2
   d - Repel Missiles                 Charms/Air                   2
   e - Slow                           Hexes                        2
   f - Conjure Flame                  Conjuration/Fire             3
   g - Mephitic Cloud                 Conjuration/Poison/Air       3
 C - the Disquisition on Black Secrets and Envenoming
   (You found it on level 11 of the Dungeon)

   Spells                             Type                      Level
   a - Corpse Rot                     Necromancy                   2
   b - Sublimation of Blood           Necromancy                   2
   c - Mephitic Cloud                 Conjuration/Poison/Air       3
   d - Ignite Poison                  Fire/Transmutation/Poison    3
   e - Excruciating Wounds            Charms/Necromancy            5
   f - Dispel Undead                  Necromancy                   5
 Q - a Young Poisoner's Handbook

   Spells                             Type                      Level
   a - Sting                          Conjuration/Poison           1
   b - Mephitic Cloud                 Conjuration/Poison/Air       3
   c - Olgreb's Toxic Radiance        Poison                       4
   d - Alistair's Intoxication        Transmutation/Poison         5
   e - Venom Bolt                     Conjuration/Poison           5
Miscellaneous
 I - a sack of spiders
 Y - a box of beasts
Comestibles
 b - 13 meat rations
 f - 16 bread rations
 h - 4 slices of pizza
 l - 8 fruits
 m - 8 beef jerkies


   Skills:
 + Level 4.8 Fighting
 + Level 10.4 Dodging
 + Level 9.7 Stealth
 + Level 13.6 Unarmed Combat
 + Level 8.2 Spellcasting
 + Level 0.3 Conjurations
 * Level 5.0 Hexes
 * Level 7.8 Summonings
 + Level 2.7 Translocations
 * Level 4.7 Ice Magic


You had 14 spell levels left.
You knew the following spells:

 Your Spells              Type           Power        Failure   Level  Hunger
a - Magic Dart            Conj           #...         12%         1    None
b - Blink                 Tloc           N/A          6%          2    None
c - Call Imp              Summ           ####....     1%          2    None
d - Repel Missiles        Chrm/Air       #.....       17%         2    None
e - Slow                  Hex            ###.....     1%          2    None
f - Summon Ice Beast      Ice/Summ       ####....     10%         4    ###....


Dungeon Overview and Level Annotations

Branches:
Dungeon (12/15)            Temple (1/1) D:5            Lair (3/6) D:11
  Snake (0/4) Lair:3          Orc (0/2) D:10
  Swamp: Lair:2-4    Shoals: Lair:2-4

Altars:
Ashenzari
Cheibriados
Dithmenos
Elyvilon
Fedhas
Gozag
Hepliaklqana
Kikubaaqudgha
Makhleb
Nemelex Xobeh
Okawaru
Qazlal
Ru
Sif Muna
Trog
Uskayaw
Vehumet
Xom
Yredelemnul
Zin
The Shining One

Shops:
D:6 *   D:7 !   D:8 (:([!   D:11 [

Annotations:
D:11 Snorg


Innate Abilities, Weirdness & Mutations

You cannot wear armour.
You are incapable of wielding weapons or throwing items.
Your paws allow you to move quietly. (Stealth)
You have sharp claws.
You have razor-sharp teeth.
You have supernaturally acute eyesight. (SInv)
You are carnivorous and can eat meat at any time.
You cover ground quickly.
Your thick and shaggy fur keeps you warm. (AC +3, rC+)
You have a slow metabolism.
Your sharp claws are effective at attacking unaware monsters.


Message History

Confirm with . or Enter, or press ? or * to list all spells.
You don't know that spell.
Unknown command.
Okay, then.
The anaconda grabs you. The anaconda completely misses you.
The anaconda constricts you.
You escape the anaconda's grasp.
The anaconda closely misses you. The anaconda misses you.
The anaconda grabs you. You block the anaconda's attack.
The anaconda constricts you.
Casting: Blink
Confirm with . or Enter, or press ? or * to list all spells.
You escape the anaconda's grasp.
You blink.
The anaconda misses you. The anaconda bites you. The anaconda grabs you.
The anaconda misses you. The anaconda constricts you.
Unknown command.
The anaconda's grasp on you weakens, but your attempt to escape fails.
The anaconda bites you!
* * * LOW HITPOINT WARNING * * *
You die...

#.. ### #....##P..........
#..##.######.....##..........
#................#.#.........
#............................
#............#.#...............
#............###....#...###.P.#
#............##.....##...## #..
#............##....##.....###.#
#.............@....P.#.........
#............S.................
#..............................
#..............................
#..............................
#..............................
#..............................
#..............................
#..............................


You could see an anaconda.

Vanquished Creatures
  A minotaur (Lab)
  A hydra (Lair:2)
  Erica (D:10)
  An unseen horror (D:10)
  A hill giant (D:10)
  An orc knight (D:10)
  An ugly thing (D:10)
  A manticore (D:11)
  A cyclops (D:11)
  A centaur zombie (D:11)
  2 black mambas
  3 spiny frogs
  A rime drake (Lair:2)
  2 trolls
  2 two-headed ogres
  A minotaur skeleton (Lab)
  5 hippogriffs
  4 redbacks (Lab)
  A wraith (D:11)
  2 wyverns
  Eustachio (D:5)
  3 basilisks (Lab)
  A human (D:7)
  13 yaks
  3 hogs
  2 hungry ghosts (Lab)
  A naga (Lair:3)
  3 water moccasins
  A porcupine (Lair:3)
  7 orc warriors
  4 necrophages
  8 ice beasts
  12 ogres
  An eye of draining (D:11)
  7 centaurs
  3 wolves (Lair:2)
  A crocodile (Lair:2)
  A big kobold (D:9)
  14 bullfrogs
  A wyvern zombie (D:9)
  An earth elemental (Lab)
  A wyvern skeleton (D:10)
  8 scorpions
  A water moccasin skeleton (D:8)
  18 killer bees
  11 wights
  2 electric eels
  A troll skeleton (Lab)
  7 howler monkeys
  A quasit (D:10)
  2 crimson imps
  6 hounds
  Crazy Yiuf (D:6)
  5 jellies
  11 orc priests
  2 centaur skeletons
  2 bullfrog skeletons
  12 orc wizards
  4 iguanas
  11 worker ants
  2 hound skeletons (D:4)
  2 hound zombies
  A howler monkey zombie (D:11)
  3 worker ant zombies
  7 gnolls
  3 howler monkey skeletons
  11 adders
  A shadow imp (D:6)
  3 oozes
  An adder zombie (D:6)
  2 adder skeletons
  5 worms
  4 dart slugs
  5 leopard geckos
  67 orcs
  6 giant cockroaches
  6 hobgoblins
  14 jackals
  12 kobolds
  3 quokkas
  2 ball pythons
  10 bats
  6 frilled lizards
  2 giant cockroach zombies
  8 goblins
  A quokka skeleton (D:6)
  A quokka zombie (D:7)
  10 rats
  A spectral orc (D:6)
426 creatures vanquished.

Vanquished Creatures (collateral kills)
  A hydra (D:9)
  A hill giant (D:10)
  An ugly thing (D:9)
  2 spiny frogs (Lair:2)
  A komodo dragon (Lair:2)
  A troll (D:9)
  2 two-headed ogres
  A wyvern (Lair:2)
  2 nagas (Lair:3)
  2 water moccasins (Lair:3)
  Edmund (D:5)
  2 porcupines
  3 ice beasts (Lair:2)
  An ogre (D:9)
  A crocodile (Lair:3)
  A wight (D:11)
  A howler monkey (D:11)
  2 crimson imps (D:5)
26 creatures vanquished.

Vanquished Creatures (others)
  56 fungi
  22 plants
78 creatures vanquished.

Grand Total: 530 creatures vanquished

Notes
Turn   | Place    | Note
-------+----------+-------------------------------------------
     0 | D:1      | equalderp2856 the Felid Fighter began the quest for the Orb.
     0 | D:1      | Reached XP level 1. HP: 10/10 MP: 2/2
   177 | D:1      | Reached XP level 2. HP: 2/14 MP: 3/3
  1229 | D:1      | Reached XP level 3. HP: 14/17 MP: 4/4
  2034 | D:2      | Reached skill level 5 in Dodging
  2677 | D:3      | Reached XP level 4. HP: 21/21 MP: 5/5
  2723 | D:3      | Found a faded altar of an unknown god.
  2761 | D:3      | Reached skill level 1 in Stealth
  2923 | D:3      | Found an opulent altar of Gozag.
  2955 | D:3      | Reached skill level 5 in Unarmed Combat
  3048 | D:3      | Noticed a bullfrog
  3057 | D:3      | Killed a bullfrog
  3057 | D:3      | Reached XP level 5. HP: 24/24 MP: 6/6
  3653 | D:5      | Entered Level 5 of the Dungeon
  3656 | D:5      | Noticed an ogre
  3829 | D:4      | Found a sparkling altar of Nemelex Xobeh.
  3859 | D:4      | Reached skill level 6 in Unarmed Combat
  4001 | D:4      | Noticed an ogre
  4061 | D:4      | Gained mutation: You are covered in thick fur. (AC +2) [Felid growth]
  4061 | D:4      | Reached XP level 6. HP: 28/28 MP: 7/7
  4643 | D:4      | You fall through a shaft for 3 floors!
  4736 | D:7      | Noticed a water moccasin
  4746 | D:7      | Killed a water moccasin
  4746 | D:7      | Reached XP level 7. HP: 31/31 MP: 8/8
  4770 | D:7      | Noticed a yak
  4772 | D:7      | Noticed a yak
  4772 | D:7      | Noticed a yak
  4773 | D:7      | Noticed a yak
  4794 | D:7      | Noticed a yak
  4818 | D:7      | Noticed a hog
  4818 | D:7      | Noticed a hog
  4818 | D:7      | Noticed a hog
  4818 | D:7      | Noticed a human
  4818 | D:7      | Noticed a yak
  4865 | D:6      | Found Loih's General Store.
  4915 | D:5      | HP: 1/31 [worker ant (2)]
  4953 | D:5      | HP: 1/31 [poisoned by a worker ant]
  4953 | D:5      | Slain by a worker ant
  4954 | D:5      | Reached XP level 6. HP: -1/28 MP: 7/7
  4986 | D:5      | Found a staircase to the Ecumenical Temple.
  5050 | Temple   | Entered the Ecumenical Temple
  5318 | D:5      | Reached skill level 7 in Unarmed Combat
  5656 | D:5      | Noticed Eustachio
  5718 | D:5      | Learned a level 1 spell: Magic Dart
  5721 | D:5      | Learned a level 2 spell: Blink
  5724 | D:5      | Learned a level 2 spell: Call Imp
  5770 | D:6      | Reached skill level 5 in Stealth
  5831 | D:6      | Reached XP level 7. HP: 31/31 MP: 8/8
  6295 | D:6      | Reached skill level 1 in Spellcasting
  6506 | D:6      | Found a basalt altar of Yredelemnul.
  6583 | D:6      | Reached skill level 8 in Unarmed Combat
  7253 | D:6      | Found a runed door.
  7294 | D:6      | Reached XP level 8. HP: 36/36 MP: 10/12
  7308 | D:6      | Learned a level 2 spell: Repel Missiles
  7311 | D:6      | Learned a level 2 spell: Slow
  7543 | D:6      | Noticed Crazy Yiuf
  7547 | D:6      | Killed Crazy Yiuf
  7861 | D:6      | Reached skill level 9 in Unarmed Combat
  7928 | D:7      | Found a blossoming altar of Fedhas.
  7928 | D:7      | Noticed a troll
  8219 | D:7      | Reached skill level 1 in Translocations
  8223 | D:7      | Reached XP level 9. HP: 29/39 MP: 14/14
  8441 | D:6      | Reached skill level 10 in Unarmed Combat
  8808 | D:5      | Noticed Edmund
  9748 | D:4      | Slain by a hippogriff
  9749 | D:4      | Reached XP level 8. HP: 0/36 MP: 14/14
  9827 | D:4      | Found a white marble altar of Elyvilon.
 10477 | D:7      | Found Susouros's Distillery.
 10599 | D:7      | Bought a potion of mutation for 30 gold pieces
 11386 | D:7      | Reached XP level 9. HP: 33/39 MP: 16/16
 11873 | D:7      | Reached skill level 11 in Unarmed Combat
 12553 | D:8      | Found Agoz's Weapon Shoppe.
 12750 | D:8      | Found Mainer's Book Boutique.
 12860 | D:8      | Found Doiw's Distillery.
 12869 | D:8      | Bought a potion of heal wounds for 75 gold pieces
 12869 | D:8      | Bought a potion of curing for 45 gold pieces
 12913 | D:8      | Found Opaulu's Antique Weapon Boutique.
 14394 | D:8      | Found Epay's Armour Shoppe.
 14627 | D:8      | Identified a scroll of acquirement
 14796 | D:7      | Reached XP level 10. HP: 37/42 MP: 15/17
 15530 | D:9      | Reached skill level 12 in Unarmed Combat
 16451 | D:9      | Reached skill level 1 in Hexes
 16993 | D:9      | Reached skill level 5 in Spellcasting
 17154 | D:9      | Reached skill level 1 in Summonings
 17380 | D:9      | Found a hide-covered altar of Uskayaw.
 19040 | D:10     | Entered Level 10 of the Dungeon
 19084 | D:10     | Learned a level 4 spell: Summon Ice Beast
 19113 | D:10     | Found a staircase to the Orcish Mines.
 19246 | D:10     | Noticed Erica
 19315 | D:10     | Killed Erica
 19840 | D:10     | Noticed a brown ugly thing
 19850 | D:10     | Killed a brown ugly thing
 19850 | D:10     | Reached skill level 1 in Ice Magic
 20109 | D:10     | Reached XP level 11. HP: 16/46 MP: 13/20
 20688 | D:11     | Noticed a red ugly thing
 20813 | D:11     | Found a labyrinth entrance.
 20891 | Lab      | Entered a labyrinth
 22751 | Lab      | Slain by a basilisk
 22752 | Lab      | Reached XP level 10. HP: -3/43 MP: 20/20
 23045 | Lab      | Reached skill level 10 in Dodging
 23112 | Lab      | Noticed a minotaur
 23117 | Lab      | Killed a minotaur
 23117 | Lab      | Reached skill level 13 in Unarmed Combat
 26435 | D:11     | Noticed a brown ugly thing
 26764 | D:11     | Noticed an unseen horror
 28128 | D:11     | Found Fuim's Antique Armour Emporium.
 28325 | D:12     | Noticed a manticore
 28443 | D:11     | Reached XP level 11. HP: 28/46 MP: 13/21
 28629 | D:11     | Identified the Disquisition on Black Secrets and Envenoming
 28765 | D:11     | Found a staircase to the Lair.
 28781 | D:11     | Noticed Snorg
 28968 | D:10     | Reached skill level 5 in Summonings
 29020 | D:10     | Noticed an orc knight
 29280 | D:10     | Killed an orc knight
 30638 | D:5      | Killed Eustachio
 30936 | D:5      | Killed Edmund
 32858 | D:9      | Killed a red ugly thing
 34013 | D:11     | HP: 2/46 [unseen horror (9)]
 34542 | D:10     | Noticed a hill giant
 34584 | D:10     | Noticed a hill giant
 34597 | D:10     | Killed a hill giant
 34664 | D:10     | Killed a hill giant
 35344 | D:12     | Noticed a four-headed hydra
 35721 | D:9      | Noticed a four-headed hydra
 35956 | D:9      | Killed a four-headed hydra
 36118 | D:10     | Killed an unseen horror
 36170 | D:10     | Noticed a sphinx
 36784 | Lair:1   | Entered Level 1 of the Lair of Beasts
 37558 | Lair:2   | Found a frozen archway.
 37825 | Lair:2   | Noticed a four-headed hydra
 37855 | Lair:3   | Gained mutation: Your thick and shaggy fur keeps you warm. (AC +3, rC+) [Felid growth]
 37855 | Lair:3   | Reached XP level 12. HP: 50/51 MP: 24/24
 38523 | Lair:2   | Killed a four-headed hydra
 39610 | Lair:3   | Found a staircase to the Snake Pit.
 39679 | Lair:3   | Reached skill level 5 in Hexes
 40113 | Lair:3   | Noticed an anaconda
 40204 | Lair:3   | HP: 2/51 [anaconda (14)]
 40204 | Lair:3   | Slain by an anaconda

Skill      XL: |  1  2  3  4  5  6  7  8  9 10 11 12 |
---------------+-------------------------------------+-----
Dodging        | 5 6 9 8 10 | 10.4
Stealth        | 1 3 5 6 7 9 |  9.7
Unarmed Combat | 5 6 7 8 9 11 13 | 13.6
Spellcasting   | 2 4 5 7 8 |  8.2
Translocations | 2 |  2.7
Fighting       | 4 |  4.8
Hexes          | 2 4 5 |  5.0
Summonings     | 4 6 7 |  7.8
Ice Magic      | 3 4 |  4.7
Conjurations   | |  0.3

Action                   |  1- 3 |  4- 6 |  7- 9 | 10-12 || total
-------------------------+-------+-------+-------+-------++-------
Melee: Unarmed           |   113 |   145 |   556 |   831 ||  1645
       Bite              |     8 |    11 |    49 |    97 ||   165
       Punch             |     2 |     3 |    23 |    50 ||    78
 Cast: Blink             |       |       |    12 |    22 ||    34
       Magic Dart        |       |       |     6 |    71 ||    77
       Slow              |       |       |     3 |   133 ||   136
       Call Imp          |       |       |       |   318 ||   318
       Repel Missiles    |       |       |       |     4 ||     4
       Summon Ice Beast  |       |       |       |    32 ||    32
  Use: Scroll            |       |       |    14 |     7 ||    21
       Potion            |       |       |     1 |     6 ||     7
 Stab: Sleeping          |     4 |     8 |     6 |    27 ||    45
       Distracted        |       |       |     5 |     6 ||    11
  Eat: Chunk             |     7 |     9 |    24 |    38 ||    78
       Pizza             |       |       |       |     6 ||     6
       Royal jelly       |       |       |       |     1 ||     1
Armor: Skin              |    11 |     3 |    22 |    33 ||    69
Dodge: Dodged            |   106 |    97 |   466 |   866 ||  1535
       Deflected         |       |       |       |     4 ||     4
Block: Other             |       |       |       |    69 ||    69
       Reflection        |       |       |       |     2 ||     2
